 Dungeon Crawl Stone Soup version 0.28-a0-1182-g381e24db82 (webtiles) character file.

Game seed: 4692191547328284539

32475 Peloso the Fencer (level 13, -17/119 HPs)
             Began as a Minotaur Fighter on Dec 17, 2021.
             Was the Champion of Okawaru.
             Killed from afar by Azrael (28 damage)
             ... with damnation
             ... on level 12 of the Dungeon.
             The game lasted 00:43:02 (22278 turns).

Peloso the Fencer (Minotaur Fighter)               Turns: 22278, Time: 00:43:02

Health: -17/119    AC: 21    Str: 28    XL:     13   Next: 31%
Magic:  13/13      EV: 12    Int:  5    God:    Okawaru [******]
Gold:   1197       SH:  8    Dex: 17    Spells: 12/12 levels left

rFire   + . .      SeeInvis +   a - +4 long sword (freeze)
rCold   + . .      Faith    .   c - +1 buckler {rN+}
rNeg    + . .      Spirit   .   A - +5 chain mail of Distant Shores {Str+3 SInv}
rPois   +          Reflect  .   e - +2 hat
rElec   .          Harm     .   z - scarf {rC+ rF+}
rCorr   .          Rampage  .   l - +0 pair of gloves
Will    .....                   (no boots)
Stlth   ..........              (no amulet)
HPRegen 0.29/turn               h - ring of poison resistance
MPRegen 0.13/turn               n - +6 ring of dexterity

@: no status effects
A: horns 2, retaliatory headbutt
a: Renounce Religion, Heroism, Finesse, Duel


You were on level 12 of the Dungeon.
You worshipped Okawaru.
Okawaru was exalted by your worship.
You visited 3 branches of the dungeon, and saw 18 of its levels.
You also visited: Ossuary and Bailey.

You collected 1197 gold pieces.

Inventory:

Hand Weapons
 a - a +4 long sword of freezing (weapon)
 b - a +2 whip of flaming
Armour
 c - a +1 buckler of positive energy (worn)
 e - a +2 hat (worn)
 l - a +0 pair of gloves (worn)
 z - a scarf of resistance (worn)
 A - the +5 chain mail of Distant Shores (worn) {Str+3 SInv}
   (You found it on level 9 of the Dungeon)

   Str:       It affects your strength (+3).
   SInv:      It lets you see invisible.
Jewellery
 h - a ring of poison resistance (left hand)
 n - a +6 ring of dexterity (right hand)
 o - an amulet of the acrobat
 C - a ring of fire
 K - a +4 ring of slaying
Wands
 v - a wand of paralysis (3)
 B - a wand of digging (1)
Scrolls
 g - 2 scrolls of blinking
 i - 2 scrolls of acquirement
 q - 2 scrolls of identify
 r - 5 scrolls of teleportation
 t - a scroll of enchant armour
 y - 3 scrolls of fear
 J - a scroll of magic mapping
Potions
 d - 5 potions of might
 f - 8 potions of ambrosia
 j - a potion of magic
 k - a potion of brilliance
 m - a potion of berserk rage {unknown}
 p - 5 potions of degeneration {unknown}
 s - 6 potions of curing
 u - 2 potions of resistance {unknown}
 w - 7 potions of mutation {unknown}
 x - a potion of cancellation {unknown}
 D - a potion of experience {unknown}
 E - 5 potions of heal wounds {unknown}
 F - a potion of flight {unknown}
 H - a potion of haste {unknown}


   Skills:
 + Level 12.6 Fighting
 + Level 15.1 Long Blades
 + Level 4.9 Maces & Flails
 + Level 14.0 Armour
 + Level 5.5 Dodging
 + Level 1.8 Stealth
 + Level 11.3 Shields
 + Level 1.6 Invocations
 + Level 2.3 Evocations


You had 12 spell levels left.
You didn't know any spells.
Your spell library contained the following spells:

 Spells                   Type           Power      Damage    Failure   Level
 Blink                    Tloc           0%         N/A       96%         2
 Corpse Rot               Necr/Air       0%         N/A       96%         2
 Poisonous Vapours        Pois/Air       0%         N/A       96%         2
 Lesser Beckoning         Tloc           0%         N/A       99%         3
 Olgreb's Toxic Radiance  Pois           0%         N/A       100%        4
 Blade Hands              Tmut           0%         N/A       100%        5
 Irradiate                Conj/Tmut      0%         3d14      100%        5
 Manifold Assault         Tloc           0%         N/A       100%        5
 Dragon Form              Tmut           0%         N/A       100%        7
 Ozocubu's Refrigeration  Ice            0%         4d5       100%        7
 Storm Form               Tmut/Air       0%         N/A       100%        7
 Ignition                 Fire           0%         3d3       100%        8


Dungeon Overview and Level Annotations

Branches:
Dungeon (12/15)            Temple (1/1) D:5            Lair (5/6) D:8
  Swamp (0/4) Lair:4       Spider (0/4) Lair:3          Orc (0/2) D:11
Ossuary (visited)          Bailey (visited)
  Slime: Lair:5-6

Altars:
Ashenzari
Cheibriados
Dithmenos
Elyvilon
Fedhas
Gozag
Hepliaklqana
Kikubaaqudgha
Makhleb
Nemelex Xobeh
Okawaru
Qazlal
Ru
Sif Muna
Trog
Uskayaw
Vehumet
Wu Jian
Xom
Yredelemnul
Zin
The Shining One

Annotations:
D:7 3 runed translucent doors, anet's ghost, novice DECj; niknal's ghost, novice DDFi
D:11 3 runed translucent doors, niknal's ghost, journeyman DDFi
D:12 Azrael
Lair:5 exclusion: 3 oklob plants


Innate Abilities, Weirdness & Mutations

You have a pair of horns on your head.
You reflexively headbutt those who attack you in melee.


Message History

The fire elemental is severely damaged.
The fire elemental hits you. The fire elemental burns you! You resist.
A fire elemental comes into view.
You slice the fire elemental!! You freeze the fire elemental.
You destroy the fire elemental!
Okawaru accepts your kill.
You slash Azrael! You freeze Azrael! You headbutt Azrael.
Azrael is moderately wounded.
A fire elemental comes into view.
You barely miss Azrael.
Azrael is moderately wounded.
You block Azrael's attack.
You hit Azrael but do no damage. Your headbutt misses Azrael.
Azrael is moderately wounded.
Azrael gestures at you.
The sphere of damnation explodes!
The damnation engulfs you!!
The damnation engulfs Azrael.
Azrael completely resists.
You hit Azrael but do no damage.
Azrael is moderately wounded.
You slash Azrael! You freeze Azrael. Your headbutt misses Azrael.
Azrael is heavily wounded.
Azrael gestures at you.
The sphere of damnation explodes!
The damnation engulfs you!!
* * * LOW HITPOINT WARNING * * *
The damnation engulfs Azrael.
Azrael completely resists.
You hit Azrael. You freeze Azrael.
Azrael is heavily wounded.
Azrael gestures at you. The bolt of fire hits you!! You resist.
* * * LOW HITPOINT WARNING * * *
You slash Azrael! You freeze Azrael. You headbutt Azrael.
Azrael is severely wounded.
Okay, then.
Blink to where?
Press: ? - help, Dir - move target
As you read the scroll of blinking, it crumbles to dust.
There is an open door here.
Azrael gestures at you.
The sphere of damnation explodes!
The damnation engulfs you!!
You die...

....'.#.........#
....#.'..>......+
....###.........#
....# ######'####
##+## #..# #.## #.#
##### #.# ######...#
#.###.@..'R###
#######.#...####.○.#
..........###
###°### .#####.####
#.○.#.. #. #.###.#
#. #...#.# #.
#.#.#.# #. #.#...#
.. ###'#####


You could see Azrael.

Vanquished Creatures
  Jorgrun (D:12)
  4 hydras
  A boulder beetle (Lair:5)
  A catoblepas (Lair:4)
  2 two-headed ogres
  A fire crab (Lair:2)
  A swamp dragon (Lair:4)
  Pikel (D:5)
  A lindwurm (Lair:3)
  An orc sorcerer (Bailey)
  An orc knight (Bailey)
  An ugly thing (D:11)
  A black mamba (Lair:5)
  A torpor snail (Lair:4)
  12 cane toads
  Maggie (D:9)
  2 kobold demonologists
  5 rime drakes
  3 komodo dragons
  2 trolls (D:11)
  A queen bee (Lair:1)
  A jumping spider (Lair:3)
  3 polar bears
  A hornet (D:9)
  11 blink frogs
  25 yaks
  A shadow (D:12)
  3 fire elementals (D:12)
  2 wyverns
  A vampire (D:10)
  2 basilisks
  4 vampire mosquitoes (D:12)
  8 water moccasins
  A hell hound (D:12)
  2 sky beasts
  9 orc warriors
  An ice beast (D:5)
  5 black bears
  2 ogres
  2 centaurs
  A necrophage (D:4)
  5 wolves (Lair:5)
  3 lemures (D:5)
  2 kobold brigands
  12 bullfrogs
  A gnoll sergeant (D:10)
  3 scorpions
  A wyvern skeleton (D:7)
  A water moccasin skeleton (D:6)
  23 killer bees
  5 wights (D:6)
  5 electric eels
  4 howler monkeys
  2 bullfrog zombies (D:5)
  2 jellies
  4 orc priests
  2 hounds
  3 centaur zombies
  A gnoll shaman (D:8)
  A bullfrog skeleton (D:6)
  2 centaur skeletons (D:7)
  3 iguanas
  6 orc wizards
  2 killer bee zombies (D:8)
  A hound zombie (D:3)
  8 mummies (Ossuary)
  A howler monkey zombie (D:7)
  11 gnolls
  14 adders
  2 white imps (D:6)
  3 adder skeletons
  4 dart slugs
  A worm (D:2)
  22 orcs
  6 bats
  4 endoplasms
  5 giant cockroaches
  A gnoll zombie (Ossuary)
  19 goblins
  15 hobgoblins
  5 jackals (D:1)
  18 kobolds
  3 quokkas
  12 ball pythons
  2 ball python zombies (D:2)
  5 frilled lizards
  2 hobgoblin zombies (Ossuary)
  3 kobold zombies (Ossuary)
  2 orc zombies (Ossuary)
  3 rats
394 creatures vanquished.

Vanquished Creatures (others)
  An orc priest (D:11)
  An orc (D:11)
  4 fungi
  2 plants
  5 withered plants (D:2)
13 creatures vanquished.

Grand Total: 407 creatures vanquished

Notes
Turn   | Place    | Note
-------+----------+-------------------------------------------
     0 | D:1      | Peloso the Minotaur Fighter began the quest for the Orb.
     0 | D:1      | Reached XP level 1. HP: 19/19 MP: 0/0
   397 | D:1      | Reached XP level 2. HP: 27/27 MP: 1/1
   852 | D:1      | Reached skill level 3 in Long Blades
   954 | D:1      | Reached XP level 3. HP: 26/33 MP: 2/2
  1343 | D:1      | Found a faded altar of an unknown god.
  1815 | D:2      | Reached XP level 4. HP: 39/40 MP: 3/3
  2421 | D:3      | Reached skill level 4 in Long Blades
  2509 | D:3      | Reached XP level 5. HP: 42/47 MP: 4/4
  2575 | D:3      | Reached skill level 1 in Dodging
  2729 | D:3      | Found a blossoming altar of Fedhas.
  2813 | D:3      | Found a burning altar of Makhleb.
  3298 | D:3      | Found a shimmering altar of Xom.
  3310 | D:3      | Found an opulent altar of Gozag.
  3404 | D:4      | Noticed a necrophage
  3411 | D:4      | Killed a necrophage
  3412 | D:4      | Reached skill level 5 in Long Blades
  3412 | D:4      | Reached skill level 5 in Armour
  3412 | D:4      | Reached XP level 6. HP: 51/53 MP: 5/5
  3906 | D:4      | Found an ancient bone altar of Kikubaaqudgha.
  3986 | D:5      | Entered Level 5 of the Dungeon
  4176 | D:5      | Reached skill level 5 in Fighting
  4176 | D:5      | Reached skill level 6 in Long Blades
  4176 | D:5      | Reached skill level 5 in Shields
  4176 | D:5      | Reached XP level 7. HP: 61/61 MP: 6/6
  4238 | D:5      | Found a staircase to the Ecumenical Temple.
  4325 | Temple   | Entered the Ecumenical Temple
  4400 | Temple   | Became a worshipper of Warmaster Okawaru
  4511 | D:5      | Noticed Pikel
  4591 | D:5      | Killed Pikel
  4591 | D:5      | Reached * piety under Okawaru
  4592 | D:5      | Reached skill level 8 in Long Blades
  4592 | D:5      | Reached XP level 8. HP: 54/70 MP: 7/7
  5412 | D:6      | Reached skill level 9 in Long Blades
  5416 | D:6      | Found a sand-covered staircase.
  5423 | Ossuary  | Entered an ossuary
  5670 | Ossuary  | Identified a scroll of acquirement
  6434 | D:6      | Reached XP level 9. HP: 76/77 MP: 8/8
  6741 | D:7      | Reached skill level 1 in Stealth
  6744 | D:7      | Reached ** piety under Okawaru
  6745 | D:7      | Reached skill level 10 in Long Blades
  7165 | D:7      | Found a hazy altar of Hepliaklqana.
  7292 | D:7      | Found a runed translucent gate.
  7292 | D:7      | Found a runed translucent gate.
  7292 | D:7      | Found a runed translucent gate.
  7293 | D:7      | Noticed niknal's ghost (novice DDFi)
  7293 | D:7      | Noticed anet's ghost (novice DECj)
  8165 | D:8      | Found a staircase to the Lair.
  8343 | D:8      | Reached skill level 11 in Long Blades
  8404 | D:8      | Reached *** piety under Okawaru
  9023 | D:9      | Noticed Maggie
  9047 | D:9      | Killed Maggie
  9057 | D:9      | Noticed a two-headed ogre
  9064 | D:9      | Killed a two-headed ogre
  9065 | D:9      | Reached XP level 10. HP: 55/88 MP: 9/9
  9375 | D:9      | You fall into a shaft and drop 2 floors!
  9430 | D:11     | Found a flagged portal.
  9445 | Bailey   | Entered a bailey
  9482 | Bailey   | Found an iron altar of Okawaru.
  9482 | Bailey   | Noticed an orc sorcerer
  9495 | Bailey   | Killed an orc sorcerer
  9496 | Bailey   | Reached skill level 12 in Long Blades
  9779 | Bailey   | Reached skill level 1 in Evocations
 10132 | Bailey   | Reached **** piety under Okawaru
 10156 | Bailey   | Noticed an orc knight
 10169 | Bailey   | Killed an orc knight
 10170 | Bailey   | Reached skill level 10 in Armour
 10177 | Bailey   | Reached skill level 13 in Long Blades
 10858 | D:11     | Found a runed translucent gate.
 10858 | D:11     | Found a runed translucent gate.
 10858 | D:11     | Found a runed translucent gate.
 10858 | D:11     | Noticed niknal's ghost (journeyman DDFi)
 11010 | D:10     | Entered Level 10 of the Dungeon
 11439 | D:11     | Noticed a green ugly thing
 11454 | D:11     | Reached skill level 1 in Invocations
 11458 | D:11     | Reached XP level 11. HP: 92/97 MP: 8/10
 11463 | D:11     | Killed a green ugly thing
 11499 | D:11     | Found a staircase to the Orcish Mines.
 11713 | D:11     | Identified the +6 flail of Nightmares {vorpal, Int+4 Dex+2}
 12030 | D:10     | Noticed a two-headed ogre
 12035 | D:10     | Killed a two-headed ogre
 12035 | D:10     | Reached ***** piety under Okawaru
 13017 | D:9      | Identified the +5 chain mail of Distant Shores {Str+3 SInv}
 13214 | D:9      | Found an ornate altar of the Wu Jian Council.
 13493 | Lair:1   | Entered Level 1 of the Lair of Beasts
 15121 | Lair:2   | Reached skill level 10 in Fighting
 15121 | Lair:2   | Reached skill level 14 in Long Blades
 15145 | Lair:2   | Noticed a fire crab
 15154 | Lair:2   | Killed a fire crab
 15154 | Lair:2   | Received a gift from Okawaru
 16550 | Lair:2   | Noticed a seven-headed hydra
 16563 | Lair:2   | Killed a seven-headed hydra
 16564 | Lair:2   | Reached XP level 12. HP: 55/107 MP: 10/12
 16947 | Lair:3   | Reached skill level 1 in Maces & Flails
 17165 | Lair:3   | Found a hole to the Spider Nest.
 17323 | Lair:3   | Noticed an eight-headed hydra
 17333 | Lair:3   | Killed an eight-headed hydra
 18108 | Lair:4   | Reached skill level 10 in Shields
 18307 | Lair:4   | Received a gift from Okawaru
 18347 | Lair:4   | Noticed a catoblepas
 18378 | Lair:4   | Killed a catoblepas
 18379 | Lair:4   | Reached skill level 5 in Dodging
 18899 | Lair:4   | Found a staircase to the Swamp.
 18968 | Lair:4   | Noticed a four-headed hydra
 18984 | Lair:4   | Killed a four-headed hydra
 18984 | Lair:4   | Reached ****** piety under Okawaru
 19740 | Lair:5   | Noticed a four-headed hydra
 19757 | Lair:5   | Killed a four-headed hydra
 20114 | Lair:5   | Reached XP level 13. HP: 108/118 MP: 13/13
 20509 | Lair:5   | Reached skill level 15 in Long Blades
 21765 | D:12     | Noticed Jorgrun
 21802 | D:12     | Killed Jorgrun
 22245 | D:12     | Noticed Azrael
 22254 | D:12     | Received a gift from Okawaru
 22278 | D:12     | Killed from afar by Azrael

Illustrated notes

Levels and vault maps discovered:
D:1:      lightli_iron_boxes, layout_basic, dilly_ecumenical_altar_fadedgnrine,
          minmay_pentomino_u4
D:2:      minmay_wonky_spiral, layout_basic, serial_undead, serial_undead_a,
          serial_undead_b, serial_undead_d, serial_undead_b
D:3:      layout_loops_ring, mainiacjoe_overflow_catwalk,
          amethyst_overflow_temple_binary, lemuel_round_altar, st_stairs_1
D:4:      layout_rooms, kiku_gazebo_pond_becter
D:5:      layout_basic, minmay_temple_entry_waves, serial_curves,
          eino_curves_04, eino_curves_02, uniq_pikel
D:6:      layout_basic, chequers_ossuary_entry_cave, minmay_misc_feat_iff
D:7:      layout_layer_cave, nicolae_overflow_hidden_temple,
          gammafunk_ghost_cemetery
D:8:      layout_basic, david_lair_generic
D:9:      layout_grid_maze, nicolae_wu_jian_immortal_techniques,
          kennysheep_pointless_box, chequers_decorated_corner, uniq_maggie
D:10:     layout_loops_cross
D:11:     layout_irregular_city, david_orc_3, gammafunk_ghost_nasty_kobolds,
          enter_bailey_3
D:12:     layout_roguey, minmay_misc_feat_roman, minmay_puff, uniq_azrael,
          uniq_jorgrun
Temple:   regret_index_temple_waves
Lair:1:   layout_hall_layers
Lair:2:   layout_long_grid, special_room [special_room_bee]
Lair:3:   layout_loops_ring, spider_nest_entry_a
Lair:4:   layout_cave_pods, minmay_swamp_entry_reptiles
Lair:5:   layout_big_grid, minmay_slime_entry_oklob_open, serial_bayou_shore_b,
          grunt_megastairs_2, infiniplex_staircase_pool, serial_bayou_shore_b

Skill      XL: |  1  2  3  4  5  6  7  8  9 10 11 12 13 |
---------------+----------------------------------------+-----
Fighting       | 4 5 6 8 9 10 12 | 12.6
Shields        | 4 5 7 9 10 11 | 11.3
Long Blades    | 3 4 5 6 8 9 11 13 14 15 | 15.1
Armour         | 4 5 6 7 9 10 12 13 14 | 14.0
Dodging        | 1 2 3 4 5 |  5.5
Stealth        | 1 |  1.8
Evocations     | 1 2 |  2.3
Invocations    | 1 |  1.6
Maces & Flails | 4 |  4.9

Action                   |  1- 3 |  4- 6 |  7- 9 | 10-12 | 13-15 || total
-------------------------+-------+-------+-------+-------+-------++-------
Melee: Long sword        |    96 |   116 |   254 |   547 |   135 ||  1148
       Headbutt          |    16 |    33 |    67 |   178 |    32 ||   326
       Whip              |       |       |       |    35 |       ||    35
Invok: Heroism           |       |       |     2 |     7 |     2 ||    11
Evoke: Wand              |       |       |     4 |     9 |       ||    13
  Use: Scroll            |       |     1 |     4 |    11 |     3 ||    19
       Potion            |       |       |       |     2 |     3 ||     5
Armor: Scale mail        |    44 |    56 |    23 |       |       ||   123
       Plate armour      |       |       |    69 |    71 |       ||   140
       Chain mail        |       |       |       |   242 |    85 ||   327
Dodge: Dodged            |    46 |    53 |    79 |   288 |    52 ||   518
Block: Buckler           |    32 |    32 |    58 |   227 |    53 ||   402

Table legend: (Time is in decaauts)
 A = Elapsed time spent in this place.
 B = Non-inter-level travel time spent in this place.
 C = Inter-level travel time spent in this place.
 D = Time resting spent in this place.
 E = Time spent auto-exploring this place.
 F = Levels seen in this place.
 G = Mean time per level.
                   A        B        C        D        E       F      G
               +--------+--------+--------+--------+--------+-----+--------+
         Total |  22157 |  21367 |    790 |   3050 |  14487 |  20 | 1107.8 |
       Dungeon |  12264 |  11767 |    497 |    831 |   8734 |  12 | 1022.0 |
        Temple |    202 |    135 |     67 |     46 |     42 |   1 |  202.0 |
          Lair |   8094 |   7869 |    225 |   1604 |   5166 |   5 | 1618.8 |
       Ossuary |    269 |    269 |      0 |      0 |    134 |   1 |  269.0 |
        Bailey |   1326 |   1326 |      0 |    569 |    411 |   1 | 1326.0 |
               +--------+--------+--------+--------+--------+-----+--------+

Top non-repeatable levels by time:
  Lair:1: 2047 daAuts
  Lair:4: 2015 daAuts
     D:1: 1607 daAuts
  Lair:5: 1516 daAuts
  Lair:2: 1391 daAuts
  Bailey: 1326 daAuts
     D:7: 1285 daAuts
     D:9: 1146 daAuts
  Lair:3: 1124 daAuts
     D:5: 1118 daAuts
     D:8: 1112 daAuts
     D:6: 1059 daAuts
    D:10: 1051 daAuts
     D:3: 981 daAuts
    D:11: 965 daAuts
